 Dungeon Crawl Stone Soup version 0.28-a0-1555-g9ae15a6949 (webtiles) character file.

Game seed: 15014721300492646330

582 bande the Covered (level 7, 0/44 HPs)
             Began as a Gargoyle Fighter on Jan 19, 2022.
             Was a Follower of Okawaru.
             Slain by a gnoll (3 damage)
             ... on level 5 of the Dungeon.
             The game lasted 00:06:33 (4866 turns).

bande the Covered (Gargoyle Fighter)                Turns: 4866, Time: 00:06:34

Health: 0/44       AC: 17    Str: 20    XL:     7   Next: 36%
Magic:  9/9        EV:  5    Int:  8    God:    Okawaru [*.....]
Gold:   187        SH:  4    Dex: 11    Spells: 6/6 levels left

rFire   . . .      SeeInvis .   a - +1 war axe
rCold   . . .      Faith    .   c - +0 buckler
rNeg    + . .      Spirit   .   m - +0 plate armour
rPois   ∞          Reflect  .   (no helmet)
rElec   +          Harm     .   (no cloak)
rCorr   .          Rampage  .   (no gloves)
Will    .....                   (no boots)
Stlth   ..........              (no amulet)
HPRegen 0.14/turn               (no ring)
MPRegen 0.11/turn               (no ring)

@: no status effects
A: sickness immunity, AC +4, negative energy resistance 1, electricity
resistance, torment resistance 1, petrification resistance
a: Renounce Religion, Heroism


You were on level 5 of the Dungeon.
You worshipped Okawaru.
Okawaru was aware of your devotion.
You visited 1 branch of the dungeon, and saw 5 of its levels.

You collected 187 gold pieces.

Inventory:

Hand Weapons
 a - a +1 war axe (weapon)
 g - a +0 flail
 h - a +0 war axe
Armour
 c - a +0 buckler (worn)
 l - an orb of wrath
 m - a +0 plate armour (worn)
Wands
 b - a wand of acid (3)
 n - a wand of flame (17)
Scrolls
 k - 2 scrolls of teleportation
Potions
 d - 2 potions of might
 e - 2 potions of heal wounds {unknown}
 f - 2 potions of invisibility {unknown}
 i - 3 potions of curing
 o - 2 potions of ambrosia {unknown}
 p - a potion of magic {unknown}
 q - a potion of mutation {unknown}


   Skills:
 + Level 4.5 Fighting
 + Level 4.6 Axes
 + Level 4.9 Armour
 + Level 4.2 Shields
 * Level 3.0 Invocations
 * Level 0.9 Evocations


You had 6 spell levels left.
You didn't know any spells.
Your spell library contained the following spells:

 Spells                   Type           Power      Damage    Failure   Level
 Apportation              Tloc           0%         N/A       100%        1
 Beastly Appendage        Tmut           0%         N/A       100%        1
 Wereblood                Tmut           0%         N/A       100%        2
 Spider Form              Tmut/Pois      0%         N/A       100%        3
 Animate Skeleton         Necr           Unusable   N/A       N/A         1
 Summon Small Mammal      Summ           Unusable   N/A       N/A         1

Dungeon Overview and Level Annotations

Branches:
Dungeon (5/15)
 Temple: D:4-7

Altars:
Cheibriados
Okawaru


Innate Abilities, Weirdness & Mutations

You are immune to sickness and miasma.
Your stone body is resilient. (AC +4)
You are immune to poison.
You resist negative energy. (rN+)
You are resistant to electric shocks. (rElec)
You are resistant to unholy torment.
You are immune to petrification.


Message History

You barely miss the gnoll.
The gnoll hits you from afar with a +2 spear of freezing.
The gnoll freezes you.
The gnoll shaman hits you but does no damage.
You block the gnoll's attack.
The gnoll shaman calls upon its god to heal the gnoll.
The gnoll is healed somewhat.
The gnoll hits you but does no damage. x2
You closely miss the gnoll shaman.
The gnoll shaman is severely wounded.
You slash the gnoll!
You kill the gnoll!
Okawaru accepts your kill. You block the gnoll's attack.
The gnoll shaman hits you with a +0 club!
* * * LOW HITPOINT WARNING * * *
You barely miss the gnoll shaman.
The gnoll shaman is severely wounded.
The gnoll hits you but does no damage.
The gnoll shaman prays to its god.
The gnoll shaman is healed somewhat.
You slash the gnoll shaman!
You kill the gnoll shaman!
Okawaru accepts your kill.
The gnoll hits you from afar with a +2 spear of freezing.
* * * LOW HITPOINT WARNING * * *
The gnoll freezes you.
* * * LOW HITPOINT WARNING * * *
The gnoll hits you from afar with a +2 spear of freezing.
* * * LOW HITPOINT WARNING * * *
The gnoll freezes you.
* * * LOW HITPOINT WARNING * * *
Your Invocations skill increases to level 3!
The gnoll hits you but does no damage. The gnoll hits you but does no damage.
You see here a +0 whip.
You barely miss the gnoll. The gnoll hits you but does no damage.
You hit the gnoll.
The gnoll is lightly wounded.
The gnoll hits you with a +2 spear of freezing.
You die...

#.# #.# #.#
#.####### #....<..#
######## #.......#
#......###.....>.##
#......##..@g......
#......''..).......
#......##.)........
##......##..........
#........#..........
#........#..........
#........#..........
####'###############
+....#########


You could see a gnoll.

Vanquished Creatures
  A phantom (D:5)
  2 scorpions (D:4)
  A jelly (D:4)
  A gnoll shaman (D:5)
  2 centaur skeletons (D:4)
  An iguana (D:3)
  6 adders
  9 gnolls
  A howler monkey skeleton (D:2)
  An adder skeleton (D:4)
  A worm (D:3)
  3 dart slugs
  5 orcs
  6 endoplasms
  2 giant cockroaches
  3 hobgoblins
  6 jackals (D:1)
  13 kobolds
  A quokka (D:1)
  6 ball pythons
  5 bats
  4 frilled lizards
  9 goblins
  4 rats
93 creatures vanquished.

Notes
Turn   | Place    | Note
-------+----------+-------------------------------------------
     0 | D:1      | bande the Gargoyle Fighter began the quest for the Orb.
     0 | D:1      | Reached XP level 1. HP: 14/14 MP: 1/1
   452 | D:1      | Reached XP level 2. HP: 15/19 MP: 2/2
   825 | D:1      | Reached XP level 3. HP: 23/23 MP: 3/3
  1389 | D:2      | Found an iron altar of Okawaru.
  1400 | D:2      | Became a worshipper of Warmaster Okawaru
  1480 | D:2      | Reached XP level 4. HP: 29/29 MP: 4/4
  1518 | D:2      | Found the +8 trident of the Octopus King {venom, rElec
                  | rPois}
  1989 | D:3      | Reached skill level 1 in Invocations
  2230 | D:3      | Reached XP level 5. HP: 29/33 MP: 5/5
  3073 | D:4      | Reached XP level 6. HP: 31/38 MP: 7/7
  3796 | D:4      | Reached * piety under Okawaru
  4359 | D:4      | Reached XP level 7. HP: 30/44 MP: 7/9
  4460 | D:4      | Found a snail-covered altar of Cheibriados.
  4755 | D:5      | Entered Level 5 of the Dungeon
  4866 | D:5      | Slain by a gnoll

Illustrated notes

Levels and vault maps discovered:
D:1:      elethiomel_arrival_shortcut, layout_loops_ring,
          nicolae_figureground_sparkle
D:2:      layout_basic, basic_altar
D:3:      layout_loops_ring, chequers_serial_rivers_marsh
D:4:      layout_rooms, mainiacjoe_overflow_surrounded_room
D:5:      layout_basic, portal_sewer_entry_e, chequers_avenue

Skill      XL: |  1  2  3  4  5  6  7 |
---------------+----------------------+-----
Axes           | 2 3 4 |  4.6
Armour         | 4 |  4.9
Invocations    | 1 2 3 |  3.0
Fighting       | 4 |  4.5
Shields        | 4 |  4.2
Evocations     | |  0.9

Action                   |  1- 3 |  4- 6 |  7- 9 || total
-------------------------+-------+-------+-------++-------
Melee: War axe           |   118 |   146 |    40 ||   304
  Use: Scroll            |       |     7 |     2 ||     9
Armor: Scale mail        |    66 |    66 |       ||   132
       Plate armour      |       |    31 |    39 ||    70
Dodge: Dodged            |    64 |    65 |    14 ||   143
Block: Buckler           |    19 |    34 |    10 ||    63

Table legend: (Time is in decaauts)
 A = Elapsed time spent in this place.
 B = Non-inter-level travel time spent in this place.
 C = Inter-level travel time spent in this place.
 D = Time resting spent in this place.
 E = Time spent auto-exploring this place.
 F = Levels seen in this place.
 G = Mean time per level.
                   A        B        C        D        E       F      G
               +--------+--------+--------+--------+--------+-----+--------+
         Total |   4990 |   4944 |     46 |   1340 |   2706 |   5 |  998.0 |
       Dungeon |   4990 |   4944 |     46 |   1340 |   2706 |   5 |  998.0 |
               +--------+--------+--------+--------+--------+-----+--------+

Top non-repeatable levels by time:
     D:3: 1792 daAuts
     D:1: 1385 daAuts
     D:4: 1139 daAuts
     D:2: 554 daAuts
     D:5: 119 daAuts
